 Dungeon Crawl Stone Soup version 0.30.0-10-gfe55d96785 (webtiles) character file.

Game seed: 15350612966552285635

403 bubby the Shooter (level 6, -1/72 HPs)
             Began as a Barachi Hunter on May 14, 2023.
             Killed by an exploding killer bee (5 damage)
             ... ignited by their inner flame
             ... on level 5 of the Dungeon on May 15, 2023.
             The game lasted 00:21:00 (3549 turns).

bubby the Shooter (Barachi Hunter)                  Turns: 3549, Time: 00:21:01

Health: -1/72      AC: 23    Str: 12    XL:     6   Next: 86%
Magic:  6/6        EV:  2    Int: 13    God:
Gold:   118        SH:  0    Dex: 23    Spells: 5/5 levels left

rFire   + . .        b - +0 dagger (freeze)
rCold   + . .        (no shield)
rNeg    . . .        c - melded +0 leather armour
rPois   +            l - melded +0 helmet
rElec   +            (cloak currently unavailable)
rCorr   +            (gloves currently unavailable)
SInv    +            (boots currently unavailable)
Will    .....        o - amulet of faith
Stlth   +++          u - ring "Memevag" {Int+3 Dex+6 SInv}
HPRegen 0.32/turn    (no ring)
MPRegen 0.10/turn

%: faith
@: lethally poisoned (-1 -> -5), tree-form, resistant, weak-willed
A: stationary, stasis, torment immunity, boosted hp, (amphibious), (slowness 1),
(strong legs 1), +LOS
a: no special abilities


You were on level 5 of the Dungeon.
You were a tree.
You visited 1 branch of the dungeon, and saw 5 of its levels.

You collected 118 gold pieces.

Inventory:

Hand Weapons
 a - a +0 shortbow
 b - a +0 dagger of freezing (weapon)
 B - a +0 sling of flaming
Missiles
 f - 5 datura-tipped darts
 m - 6 poisoned darts
Armour
 c - a +0 leather armour (melded)
 h - a +0 robe
 l - a +0 helmet (melded)
Jewellery
 k - an amulet of magic regeneration
 o - an amulet of faith (around neck)
 u - the ring "Memevag" (left branch) {Int+3 Dex+6 SInv}
   (You found it on level 2 of the Dungeon)

   [ring of dexterity]

   Int:       It affects your intelligence (+3).
   Dex:       It affects your dexterity (+6).
   SInv:      It lets you see invisible.
Wands
 D - a wand of digging (3)
Scrolls
 g - 2 scrolls of enchant armour {unknown}
 i - a scroll of blinking {unknown}
 j - a scroll of noise {unknown}
 w - a scroll of summoning {unknown}
 y - a scroll of teleportation {unknown}
 C - a scroll of magic mapping {unknown}
Potions
 d - a potion of invisibility {unknown}
 q - a potion of brilliance {unknown}
 s - a potion of curing {unknown}
 x - 3 potions of haste {unknown}
 z - a potion of mutation {unknown}
 A - a potion of attraction {unknown}


   Skills:
 + Level 3.9 Fighting
 * Level 6.8 Ranged Weapons
 - Level 0.1 Armour
 + Level 3.1 Dodging
 + Level 2.1 Stealth


You had 5 spell levels left.
You didn't know any spells.
Your spell library contained the following spells:

 Spells                   Type           Power      Damage    Failure   Level
 Apportation              Tloc           0%         N/A       30%         1
 Alistair's Intoxication  Tmut/Pois      0%         N/A       100%        5


Dungeon Overview and Level Annotations

Branches:
Dungeon (5/15)
 Temple: D:4-7

Altars:
Ashenzari
Dithmenos
Kikubaaqudgha
Qazlal
Trog


Innate Abilities, Weirdness & Mutations

You are a tree.
Your roots penetrate the ground, keeping you stationary.
You cannot be teleported.
You are immune to unholy pain and torment.
Your maximum health is greatly increased.
Your equipment is partially melded.
((You are amphibious.))
((You cover ground slowly.))
((You can hop short distances.))
You have an extended range of vision and can be seen from far away.


Message History

The killer bee stings you.
* * * LOW HITPOINT WARNING * * *
You hit the killer bee but do no damage.
The killer bee is almost dead.
The killer bee stings you but does no damage. x4
The killer bee stings you.
* * * LOW HITPOINT WARNING * * *
The jackal bites you but does no damage.
The killer bee stings you but does no damage. x5
You barely miss the killer bee.
The killer bee is almost dead.
The jackal bites you but does no damage.
The killer bee stings you but does no damage. x5
The jackal bites you but does no damage.
The killer bee stings you but does no damage.
The killer bee stings you.
* * * LOW HITPOINT WARNING * * *
The killer bee stings you.
* * * LOW HITPOINT WARNING * * *
You are poisoned.
The killer bee poisons you! The killer bee barely misses you.
The killer bee stings you but does no damage.
You hit the killer bee. You freeze the killer bee.
The killer bee explodes!
The fiery explosion engulfs you! You resist.
* * * LOW HITPOINT WARNING * * *
The fiery explosion engulfs the killer bee!
Flame seeps out of the killer bee.
The killer bee is almost dead.
The fiery explosion engulfs the killer bee!
Flame seeps out of the killer bee.
The killer bee is almost dead.
* * * LOW HITPOINT WARNING * * *
You feel sick.
The killer bee stings you but does no damage.
The killer bee is engulfed in blazing flames.
The killer bee explodes!
The fiery explosion engulfs the jackal!!
The fiery explosion engulfs you. You resist.
You die...

##..## #..#
#...###### ##.##
###
#..###...######.#
#.# ##.##
##.....###.####.##
#..#
#.......#..##...#
##..#
##.........##...##
##..##
##.........#..[.#
#...#
##§§yy........##
##...#
##§♣y.......##
#...##
##§§...##..##
##.##
##y...####..# ###
##.....# ####
#<....## #.....##
#.....## ...†...#
##.....##


You could see 4 killer bees.

Vanquished Creatures
  A black bear (D:4)
  2 killer bees (D:5)
  2 orc priests (D:3)
  2 hounds
  4 gnolls
  4 adders
  2 worms
  A dart slug (D:1)
  6 orcs
  8 endoplasms
  5 giant cockroaches
  6 goblins
  17 hobgoblins
  4 jackals (D:5)
  4 quokkas
  12 ball pythons
  7 bats
  4 frilled lizards
  7 kobolds
  9 rats
107 creatures vanquished.

Vanquished Creatures (others)
  A goblin (D:4)
1 creature vanquished.

Grand Total: 108 creatures vanquished

Notes
Turn   | Place    | Note
-------+----------+-------------------------------------------
     0 | D:1      | bubby the Barachi Hunter began the quest for the Orb.
     0 | D:1      | Reached XP level 1. HP: 17/17 MP: 1/1
   155 | D:1      | Reached XP level 2. HP: 23/23 MP: 2/2
   578 | D:1      | Reached XP level 3. HP: 22/28 MP: 3/3
  1102 | D:2      | Reached skill level 5 in Ranged Weapons
  1211 | D:2      | Reached XP level 4. HP: 34/34 MP: 4/4
  1499 | D:2      | Found a stormy altar of Qazlal.
  1669 | D:2      | Identified the ring "Memevag" {Int+3 Dex+6 SInv}
  1956 | D:3      | Found a broken altar of Ashenzari.
  1989 | D:3      | Reached skill level 6 in Ranged Weapons
  1991 | D:3      | Reached XP level 5. HP: 39/39 MP: 5/5
  2001 | D:3      | Found a shadowy altar of Dithmenos.
  2171 | D:3      | Reached skill level 1 in Stealth
  2260 | D:3      | Found an ancient bone altar of Kikubaaqudgha.
  2572 | D:4      | Noticed a black bear
  2652 | D:4      | Reached XP level 6. HP: 47/47 MP: 6/6
  2741 | D:4      | Found a bloodstained altar of Trog.
  3027 | D:4      | Killed a black bear
  3382 | D:5      | Entered Level 5 of the Dungeon
  3382 | D:5      | Noticed a yak
  3383 | D:5      | Noticed a yak
  3383 | D:5      | Noticed a yak
  3385 | D:5      | Noticed a yak
  3549 | D:5      | Killed by an exploding killer bee... ignited by their inner
                  | flame

Illustrated notes

Levels and vault maps discovered:
D:1:      sevenhm_arrival_forest_fort_large_2, layout_loops_corners,
          corexii_corridor_pit
D:2:      layout_basic, basic_altar
D:3:      layout_rooms, nicolae_ashenzari_skybound,
          nicolae_dithmenos_shadow_blocks, lemuel_tele_altar
D:4:      cheibrodos_greedy_goblins, layout_cave_pools,
          trog_three_pillars_becter
D:5:      layout_cave_pods, elyvilon_altar_1, jmf_multi_god_temple2,
          nicolae_gozag_seed_capital

Skill      XL: |  1  2  3  4  5  6 |
---------------+-------------------+-----
Ranged Weapons | 5 6 |  6.8
Fighting       | 3 |  3.9
Stealth        | 1 2 |  2.1
Dodging        | 3 |  3.1
Armour         | |  0.1

Action                     |  1- 3 |  4- 6 || total
---------------------------+-------+-------++-------
  Melee: Dagger            |       |     6 ||     6
   Fire: Shortbow          |    90 |   177 ||   267
         Sling             |       |    42 ||    42
  Throw: Dart              |       |     8 ||     8
Ability: Hop               |       |     3 ||     3
    Use: Scroll            |       |     5 ||     5
         Potion            |       |     3 ||     3
 Armour: Leather armour    |    16 |    10 ||    26
         Skin              |       |    83 ||    83
  Dodge: Dodged            |    24 |    49 ||    73
